 Dungeon Crawl Stone Soup version 0.21-a0-176-gb3d4b37 (webtiles) character file.

4243 Dustman the Cleaver (level 10, -3/67 HPs)
             Began as a Demonspawn Gladiator on Aug 8, 2017.
             Was a Follower of Ashenzari.
             Killed from afar by a steam dragon (10 damage)
             ... with a ball of steam
             ... on level 9 of the Dungeon.
             The game lasted 00:34:46 (2977 turns).

Dustman the Cleaver (Demonspawn Gladiator)          Turns: 2977, Time: 00:34:47

Health: -3/67      AC: 16    Str: 20    XL:     10   Next: 9%
Magic:  10/10      EV: 10    Int:  9    God:    Ashenzari [*.....]
Gold:   191        SH:  0    Dex: 15    Spells: 9/9 levels left

rFire    . . .     SeeInvis .   a - +1 war axe (curse)
rCold    + + .     Gourm    .   (no shield)
rNeg     . . .     Faith    .   u - +1 chain mail {rC+}
rPois    .         Spirit   .   (helmet restricted)
rElec    .         Reflect  .   i - +1 cloak
rCorr    .         Harm     .   e - +1 pair of gloves
MR       .....                  (no boots)
Stlth    ..........             (no amulet)
HPRegen  0.21/turn              c - ring of protection from cold
MPRegen  0.12/turn              (no ring)

@: no status effects
A: antennae 1, talons 1, foul stench 1, spiny 2, strong 1, rot immunity, sturdy
frame 1
a: Curse Item, Scrying, Renounce Religion


You were on level 9 of the Dungeon.
You worshipped Ashenzari.
Ashenzari was aware of your devotion.
You were not hungry.

You visited 2 branches of the dungeon, and saw 11 of its levels.

You collected 371 gold pieces.
You spent 180 gold pieces at shops.

Inventory:

Hand Weapons
 a - a cursed +1 war axe (weapon)
Armour
 e - a +1 pair of gloves (worn)
 i - a +1 cloak (worn)
 u - a +1 chain mail of cold resistance (worn)
Jewellery
 c - a ring of protection from cold (left hand)
Scrolls
 b - 3 scrolls of amnesia
 o - 3 scrolls of identify
Potions
 h - 3 potions of brilliance
Books
 n - a book of Minor Magic

   Spells                             Type                      Level
   a - Magic Dart                     Conjuration                  1
   b - Blink                          Translocation                2
   c - Call Imp                       Summoning                    2
   d - Slow                           Hexes                        2
   e - Conjure Flame                  Conjuration/Fire             3
   f - Mephitic Cloud                 Conjuration/Poison/Air       3
 s - a book of Air

   Spells                             Type                      Level
   a - Shock                          Conjuration/Air              1
   b - Swiftness                      Charms/Air                   2
   c - Static Discharge               Conjuration/Air              3
   d - Airstrike                      Air                          4
   e - Lightning Bolt                 Conjuration/Air              5
Comestibles
 f - 4 bread rations
 g - 5 meat rations
 r - 4 royal jellies


   Skills:
 - Level 2.0 Fighting
 * Level 11.2 Axes
 - Level 2.0 Throwing
 + Level 7.6 Armour
 - Level 2.6 Dodging


You had 9 spell levels left.
You didn't know any spells.

Dungeon Overview and Level Annotations

Branches:
Dungeon (10/15)            Temple (1/1) D:4            Lair (0/6) D:9
    Orc: D:9-12

Altars:
Ashenzari
Elyvilon
Kikubaaqudgha
Makhleb
Nemelex Xobeh
Okawaru
Qazlal
Ru
Sif Muna
Trog
Uskayaw
Vehumet
Zin
The Shining One

Shops:
D:5 [   D:7 =

Annotations:
D:2 Sigmund
D:6 Dowan, Duvessa, Prince Ribbit
D:8 Maurice
D:9 Erolcha


Innate Abilities, Weirdness & Mutations

You have a pair of small antennae on your head.
You may emit foul miasma when damaged in melee.
You are mostly covered in sharp spines.
You are immune to rotting.
Your movements are slightly less encumbered by armour. (ER -2)
You have sharp toenails.
Your muscles are strong. (Str +2)


Message History

The ball of steam hits you!
* * * LOW HITPOINT WARNING * * *
You feel better. The steam dragon breathes steam at you.
The ball of steam hits you!
You are engulfed in a cloud of scalding steam.
* * * LOW HITPOINT WARNING * * *
The steam dragon breathes steam at you. The ball of steam hits you!
* * * LOW HITPOINT WARNING * * *
You are engulfed in a cloud of scalding steam.
The steam dragon breathes steam at you. The ball of steam hits you!
* * * LOW HITPOINT WARNING * * *
You see here 13 stones.
A jelly comes into view.
The jelly quivers.
The steam dragon breathes steam at you. The ball of steam hits you!
You die...

#.#.#.#####.#.##.# ##...
#.#.#.# #(#.##.# #....
#.#.#.# #...##.# #../.
#.#.#.# #.J##.# #....
#.#.#.######..##.# { { #..#
#.#.#............#########.#
#.#.#..#####..##...........#
#.#.#..# #.>##############
#.#.#..# ##@# #O#.#..# #§#
#)#.#..# #§# #S#.#..# #(#
#(#.#..# #.# ####.#.#..# #.#
..O..#.#..######D#
######.#..D..§§..#
######.#.#########


You could see a jelly.

Vanquished Creatures
  A centaur warrior (D:9)
  An unseen horror (D:9)
  A gargoyle (D:7)
  A hippogriff (D:7)
  2 wyverns (D:9)
  2 humans (D:8)
  2 hell hounds (D:9)
  2 phantoms
  A black bear (D:7)
  4 ogres
  2 bullfrogs (D:8)
  2 scorpions
  6 killer bees (D:7)
  A howler monkey (D:4)
  4 crimson imps
  A centaur zombie (D:7)
  A hound (D:5)
  2 orc priests
  3 orc wizards
  3 iguanas
  3 worker ants
  A howler monkey zombie (D:6)
  Robin (D:1)
  3 gnolls (D:6)
  A howler monkey skeleton (D:7)
  2 worker ant zombies
  5 adders
  2 shadow imps
  An ooze (D:7)
  An adder zombie (D:6)
  A worm (D:4)
  A leopard gecko (D:7)
  11 orcs
  2 ball pythons
  2 bats (D:1)
  3 giant cockroaches
  14 goblins
  4 hobgoblins
  10 jackals
  3 quokkas
  3 frilled lizards
  A jackal skeleton (D:5)
  3 kobolds
  2 leopard gecko skeletons
  A quokka skeleton (D:4)
  A quokka zombie (D:6)
  8 rats
132 creatures vanquished.

Vanquished Creatures (others)
  An adder (D:9)
1 creature vanquished.

Grand Total: 133 creatures vanquished

Notes
Turn   | Place    | Note
-------+----------+-------------------------------------------
     0 | D:1      | Dustman the Demonspawn Gladiator began the quest for the Orb.
     0 | D:1      | Reached XP level 1. HP: 16/16 MP: 1/1
    55 | D:1      | Gained mutation: You are partially covered in sharp spines. [demonic ancestry]
    55 | D:1      | Reached XP level 2. HP: 15/22 MP: 2/2
    68 | D:1      | Reached skill level 3 in Axes
   169 | D:2      | Noticed Robin
   202 | D:1      | Killed Robin
   202 | D:1      | Reached skill level 1 in Armour
   202 | D:1      | Reached XP level 3. HP: 11/27 MP: 3/3
   407 | D:2      | Noticed Sigmund
   491 | D:3      | Found a glowing silver altar of Zin.
   494 | D:3      | Found a glowing golden altar of the Shining One.
   510 | D:3      | Gained mutation: Your movements are slightly less encumbered by armour. (ER -2) [demonic ancestry]
   510 | D:3      | Reached XP level 4. HP: 31/33 MP: 4/4
   697 | D:2      | Reached skill level 4 in Axes
   840 | D:4      | Found a staircase to the Ecumenical Temple.
   844 | Temple   | Entered the Ecumenical Temple
   868 | Temple   | Became a worshipper of Ashenzari the Shackled
   972 | D:4      | Gained mutation: You have a pair of small antennae on your head. [demonic ancestry]
   972 | D:4      | Reached XP level 5. HP: 20/38 MP: 5/5
  1024 | D:4      | Gained mutation: Your muscles are strong. (Str +2) [potion of mutation]
  1024 | D:4      | Gained mutation: You have sharp toenails. [potion of mutation]
  1033 | D:4      | Reached skill level 5 in Axes
  1109 | D:4      | Noticed an ogre
  1118 | D:4      | Killed an ogre
  1118 | D:4      | Gained mutation: You are immune to rotting. [demonic ancestry]
  1118 | D:4      | Reached XP level 6. HP: 44/44 MP: 6/6
  1235 | D:5      | Entered Level 5 of the Dungeon
  1245 | D:5      | Found an ancient bone altar of Kikubaaqudgha.
  1270 | D:5      | Found a bloodstained altar of Trog.
  1492 | D:5      | Found Huomeash's Antique Armour Emporium.
  1539 | D:5      | Bought a glowing chain mail for 180 gold pieces
  1555 | D:5      | Reached skill level 6 in Axes
  1592 | D:6      | Gained mutation: You are mostly covered in sharp spines. [demonic ancestry]
  1592 | D:6      | Reached XP level 7. HP: 40/50 MP: 7/7
  1594 | D:6      | Found a white marble altar of Elyvilon.
  1657 | D:6      | Found a sacrificial altar of Ru.
  1659 | D:6      | Noticed Prince Ribbit
  1666 | D:6      | Noticed Dowan
  1667 | D:6      | Noticed Duvessa
  1781 | D:7      | Noticed a hippogriff
  1794 | D:7      | Killed a hippogriff
  1794 | D:7      | Reached skill level 7 in Axes
  1843 | D:7      | Gained mutation: You may emit foul miasma when damaged in melee. [demonic ancestry]
  1843 | D:7      | Reached XP level 8. HP: 26/56 MP: 8/8
  1899 | D:7      | Found a sparkling altar of Nemelex Xobeh.
  1954 | D:7      | Found Mozeaj's Jewellery Boutique.
  2034 | D:7      | Reached skill level 8 in Axes
  2069 | D:6      | Reached skill level 5 in Armour
  2085 | D:6      | Found a stormy altar of Qazlal.
  2329 | D:7      | Noticed a gargoyle
  2344 | D:7      | Killed a gargoyle
  2344 | D:7      | Reached skill level 9 in Axes
  2403 | D:8      | Reached * piety under Ashenzari
  2487 | D:8      | Found an iron altar of Okawaru.
  2501 | D:8      | Reached XP level 9. HP: 37/61 MP: 9/9
  2591 | D:8      | Noticed Maurice
  2637 | D:8      | Found a hide-covered altar of Uskayaw.
  2660 | D:8      | Noticed a two-headed ogre
  2716 | D:9      | Found a staircase to the Lair.
  2812 | D:9      | Killed an unseen horror
  2812 | D:9      | Reached skill level 10 in Axes
  2813 | D:10     | Entered Level 10 of the Dungeon
  2815 | D:10     | Noticed a gargoyle
  2905 | D:9      | Noticed a centaur warrior
  2917 | D:9      | HP: 3/61 [centaur warrior (8)]
  2922 | D:9      | Noticed Erolcha
  2923 | D:9      | Killed a centaur warrior
  2923 | D:9      | Reached skill level 11 in Axes
  2923 | D:9      | Reached XP level 10. HP: 44/67 MP: 10/10
  2977 | D:9      | Killed from afar by a steam dragon

Vault maps used:
D:1:      lightli_arrival_noodles
D:2:      minmay_tromino_i2, uniq_robin, uniq_sigmund
D:3:      old_standard_altar, lemuel_crystal_altar,
          hangedman_decor_clover_reticule
D:4:      old_standard_altar, minmay_temple_entry_grid, serial_shops,
          shop_fountains, first_bread
D:5:      lightli_temple_of_fire, old_standard_altar, serial_shops,
          nicolae_shop_behind_doors
D:6:      old_standard_altar, kennysheep_little_box, elyvilon_altar_5,
          uniq_prince_ribbit1, uniq_duvessa
D:7:      cheibrodos_statue_roulette, marbit_many_paths, serial_shops,
          nicolae_shop_temple_entry_statues_fountains, minmay_misc_feat_ornament
D:8:      okawaru_humans, eat_drink_and_be_merry_uskayaw,
          hangedman_pestilent_swarm, uniq_maurice
D:9:      minmay_opposing_rooms, minmay_lair_entry_lava, uniq_erolcha
D:10:     serial_bayou_pond_e, minmay_sticks_and_stones, uniq_psyche
Temple:   jpeg_temple_clearing

Skill      XL: |  1  2  3  4  5  6  7  8  9 |
---------------+----------------------------+-----
Throwing       | 2 |  2.0
Axes           | 3 4 5 6 7 9 11 | 11.2
Armour         | 1 2 3 4 6 7 |  7.6
Fighting       | |  2.0
Dodging        | |  2.6

Action                   |  1- 3 |  4- 6 |  7- 9 | 10-12 || total
-------------------------+-------+-------+-------+-------++-------
Melee: War axe           |    62 |    79 |   160 |     8 ||   309
       Kick              |       |    18 |    52 |     3 ||    73
Throw: Throwing net      |     2 |     2 |     3 |       ||     7
Invok: Curse Item        |       |       |     1 |       ||     1
  Use: Potion            |     1 |     4 |     4 |     1 ||    10
       Scroll            |     1 |     5 |     7 |       ||    13
 Stab: Held in net/web   |     2 |     2 |     2 |       ||     6
  Eat: Chunk             |       |     2 |     3 |       ||     5
       Fruit             |       |       |     7 |       ||     7
Armor: Leather armour    |    14 |       |       |       ||    14
       Ring mail         |    12 |    19 |       |       ||    31
       Chain mail        |       |     2 |    85 |    14 ||   101
Dodge: Dodged            |    45 |    39 |    56 |     4 ||   144
